 Dungeon Crawl Stone Soup version 0.30-a0-439-g9e77e4d916 (webtiles) character file.

Game seed: 4713591534457625817

3775 p00ps00p the Cleaver (level 10, -1/91 HPs)
             Began as a Hill Orc Fighter on Dec 10, 2022.
             Was an Initiate of Gozag.
             Slain by a two-headed ogre
             ... wielding a +0 giant club
              (13 damage)
             ... on level 8 of the Dungeon.
             The game lasted 00:10:21 (6535 turns).

p00ps00p the Cleaver (Hill Orc Fighter)             Turns: 6535, Time: 00:10:22

Health: -1/91      AC: 14    Str: 24    XL:     10   Next: 16%
Magic:  10/10      EV:  8    Int: 15    God:    Gozag
Gold:   528        SH: 10    Dex: 10    Spells: 9/9 levels left

rFire   . . .      SeeInvis .    i - +6 mace "Foehao Misk" {vorpal, rPois Int+7}
rCold   . . .      Faith    .    p - +0 kite shield
rNeg    + . .      Spirit   .    b - +1 scale mail
rPois   +          Reflect  .    c - +0 helmet "Gutzae" {Fly Regen+ Stlth+}
rElec   .          Harm     .    l - +0 cloak
rCorr   .          Rampage  +    (no gloves)
Will    .....                    x - +1 pair of boots {rampage}
Stlth   +.........               (no amulet)
HPRegen 1.15/turn                o - ring of positive energy
MPRegen 0.12/turn                t - ring of poison resistance

@: flying
A: no striking features
a: Renounce Religion, Potion Petition, Call Merchant, Bribe Branch


You were on level 8 of the Dungeon.
You worshipped Gozag.
Gozag was pleased with you.
You visited 2 branches of the dungeon, and saw 9 of its levels.

You collected 663 gold pieces.
You paid 135 gold pieces to Gozag.

Inventory:

Hand Weapons
 a - a +0 war axe
 i - the +6 mace "Foehao Misk" (weapon) {vorpal, rPois Int+7}
   (You found it on level 2 of the Dungeon)

   It inflicts extra damage upon your enemies.
   Int:       It affects your intelligence (+7).
   rPois:     It protects you from poison.
Missiles
 k - 23 poisoned darts (quivered)
Armour
 b - a +1 scale mail (worn)
 c - the +0 helmet "Gutzae" (worn) {Fly Regen+ Stlth+}
   (You acquired it on level 8 of the Dungeon)

   Fly:       It grants you flight.
   Regen:     It increases your rate of health regeneration.
   Stlth:     It makes you more stealthy.
 h - a +2 hat
 l - a +0 cloak (worn)
 p - a +0 kite shield (worn)
 x - a +1 pair of boots of rampaging (worn)
Jewellery
 d - a ring of wizardry
 o - a ring of positive energy (left hand)
 t - a ring of poison resistance (right hand)
 v - a ring of flight
Scrolls
 j - a scroll of magic mapping
 m - 2 scrolls of teleportation
 n - a scroll of fear
 s - a scroll of vulnerability
Potions
 e - a potion of ambrosia
 f - 5 potions of curing
 g - a potion of brilliance
 q - 3 potions of degeneration
 r - a potion of heal wounds
 u - 2 potions of magic
 w - a potion of resistance
 z - a potion of invisibility


   Skills:
 + Level 9.4 Fighting
 + Level 9.7 Axes
 + Level 8.5 Armour
 + Level 8.5 Shields


You had 9 spell levels left.
You didn't know any spells.
Your spell library contained the following spells:

 Spells                   Type           Power      Damage    Failure   Level
 Freeze                   Ice            0%         1d3       80%         1
 Frozen Ramparts          Ice            0%         1d1       99%         3
 Hailstorm                Conj/Ice       0%         3d3       99%         3
 Kindle Blastsparks       Fire/Tloc/Air  0%         2d10      99%         3
 Fulminant Prism          Conj/Hex       0%         3d5       100%        4
 Iskenderun's Mystic Bla  Conj/Tloc      0%         2d3       100%        4
 Lee's Rapid Deconstruct  Erth           0%         3d4*      100%        5


Dungeon Overview and Level Annotations

Branches:
Dungeon (8/15)             Temple (1/1) D:6            Lair (0/5) D:8

Altars:
Ashenzari
Cheibriados
Dithmenos
Elyvilon
Fedhas
Gozag
Hepliaklqana
Kikubaaqudgha
Makhleb
Nemelex Xobeh
Okawaru
Qazlal
Ru
Sif Muna
Trog
Uskayaw
Vehumet
Wu Jian
Xom
Yredelemnul
Zin

Annotations:
D:4 2 transporters


Message History

You now have 521 gold pieces (gained 9).
Things that are here:
a +0 dagger; a +0 short sword You now have 528 gold pieces (gained 7).
A two-headed ogre comes into view. It is wielding two +0 giant clubs.
Found a staircase to the Lair.
The two-headed ogre shouts in stereo!
The two-headed ogre moves out of view.
A two-headed ogre is nearby!
You hit the two-headed ogre.
The two-headed ogre is lightly wounded.
You block the two-headed ogre's attack.
The two-headed ogre hits you with a +0 giant club!
You hit the two-headed ogre.
The two-headed ogre is lightly wounded.
The two-headed ogre closely misses you.
The two-headed ogre hits you with a +0 giant club.
You sock the two-headed ogre!
The two-headed ogre is moderately wounded.
The two-headed ogre hits you with a +0 giant club!
The two-headed ogre completely misses you.
You thump the two-headed ogre!
The two-headed ogre is heavily wounded.
The two-headed ogre barely misses you. x2
You completely miss the two-headed ogre.
The two-headed ogre is heavily wounded.
The two-headed ogre hits you with a +0 giant club! x2
You closely miss the two-headed ogre.
The two-headed ogre is heavily wounded.
The two-headed ogre hits you with a +0 giant club! x2
* * * LOW HITPOINT WARNING * * *
You sock the two-headed ogre!
The two-headed ogre is severely wounded.
You thump the two-headed ogre!
The two-headed ogre is almost dead.
The two-headed ogre hits you with a +0 giant club!
* * * LOW HITPOINT WARNING * * *
The two-headed ogre hits you with a +0 giant club!
You die...
Your body crumbles into a pile of gold.

. #### ######## #
####...# #......#
........## #.####.#
.........# #.# #.#
##.......# ###.####.###
.......#.####..).......#
#>...O@......))####....
#...###.####.######...#
..............# #......
..#####.......# #......
#.......# #......
#.......# ###....
#.......# ###...#
#.......# #......
######### #.##.##


You could see a two-headed ogre.

Vanquished Creatures
  Pikel (D:4)
  A gargoyle (D:7)
  Sigmund (D:3)
  A wyvern (D:6)
  2 vampire mosquitoes (D:8)
  A steam dragon (D:7)
  Edmund (D:4)
  A water moccasin (D:6)
  4 orc warriors
  2 black bears
  3 ogres
  3 bullfrogs
  2 necrophages
  2 scorpions (D:4)
  2 gnoll sergeants
  A howler monkey (D:8)
  4 hounds
  2 jellies
  An orc priest (D:5)
  Jessica (D:2)
  5 iguanas (D:5)
  4 orc wizards
  Robin (D:4)
  6 gnolls
  7 adders
  A shadow imp (D:7)
  A white imp (D:7)
  An ufetubus (D:6)
  3 worms
  3 dart slugs
  17 orcs
  7 bats
  7 endoplasms
  A giant cockroach (D:3)
  13 goblins
  14 hobgoblins
  4 jackals (D:2)
  12 kobolds
  5 quokkas
  10 ball pythons
  3 frilled lizards (D:2)
  6 rats
167 creatures vanquished.

Vanquished Creatures (others)
  A quokka (D:8)
1 creature vanquished.

Grand Total: 168 creatures vanquished

Notes
Turn   | Place    | Note
-------+----------+-------------------------------------------
     0 | D:1      | p00ps00p the Hill Orc Fighter began the quest for the Orb.
     0 | D:1      | Reached XP level 1. HP: 19/19 MP: 1/1
    83 | D:1      | Reached XP level 2. HP: 26/27 MP: 2/2
   133 | D:1      | Found a faded altar of an unknown god.
   424 | D:1      | Reached XP level 3. HP: 33/33 MP: 3/3
   787 | D:2      | Identified the +1 leather armour "Woulotua" {rF- rN++
                  | Regen+}
   930 | D:2      | Identified the +6 mace "Foehao Misk" {vorpal, rPois Int+7}
   948 | D:2      | Noticed Jessica
   953 | D:2      | Killed Jessica
   954 | D:2      | Reached XP level 4. HP: 37/41 MP: 4/4
  1391 | D:3      | Found a burning altar of Makhleb.
  1416 | D:3      | Reached XP level 5. HP: 47/47 MP: 5/5
  1449 | D:3      | Found an iron altar of Okawaru.
  1578 | D:3      | Found an ornate altar of the Wu Jian Council.
  1591 | D:3      | Noticed Sigmund
  1609 | D:3      | Killed Sigmund
  1610 | D:3      | Reached skill level 5 in Fighting
  1610 | D:3      | Reached XP level 6. HP: 38/56 MP: 6/6
  2211 | D:4      | Noticed Robin
  2228 | D:4      | Reached skill level 5 in Axes
  2230 | D:4      | Killed Robin
  2281 | D:4      | Noticed Edmund
  2293 | D:4      | Killed Edmund
  2294 | D:4      | Reached skill level 5 in Armour
  2294 | D:4      | Reached skill level 5 in Shields
  2294 | D:4      | Reached XP level 7. HP: 38/62 MP: 7/7
  2378 | D:4      | Noticed Pikel
  2395 | D:4      | Killed Pikel
  2396 | D:4      | Reached XP level 8. HP: 12/71 MP: 8/8
  2657 | D:4      | Found a radiant altar of Vehumet.
  2719 | D:4      | Found a shadowy altar of Dithmenos.
  2782 | D:4      | Found a transporter.
  2892 | D:4      | Found a transporter.
  3038 | D:5      | Entered Level 5 of the Dungeon
  3634 | D:5      | Reached XP level 9. HP: 80/80 MP: 9/9
  4014 | D:6      | Found a staircase to the Ecumenical Temple.
  4083 | Temple   | Entered the Ecumenical Temple
  4318 | D:6      | Found an opulent altar of Gozag.
  4475 | D:6      | Became a worshipper of Gozag Ym Sagoz the Greedy
  4909 | D:7      | Found a snail-covered altar of Cheibriados.
  5246 | D:7      | Noticed a gargoyle
  5254 | D:7      | Killed a gargoyle
  5522 | D:7      | Found a stormy altar of Qazlal.
  5995 | D:8      | Identified a scroll of acquirement
  5997 | D:8      | Acquired the +0 helmet "Gutzae" {Fly Regen+ Stlth+}
  6017 | D:8      | Reached XP level 10. HP: 77/91 MP: 10/10
  6167 | D:8      | Found a white marble altar of Elyvilon.
  6434 | D:8      | Found a sacrificial altar of Ru.
  6524 | D:8      | Found a staircase to the Lair.
  6524 | D:8      | Noticed a two-headed ogre
  6535 | D:8      | Slain by a two-headed ogre

Illustrated notes

Levels and vault maps discovered:
D:1:      dpeg_arrival_subterranean_lakeside_camping, layout_loops_ring,
          chequers_ecumenical_altar_island,
          nicolae_concentric_dashed_squares_mild
D:2:      layout_basic, uniq_jessica
D:3:      layout_basic, nzn_wu_jian_contemplation, okawaru_gym_becter,
          mainiacjoe_overflow_paths, uniq_sigmund
D:4:      gammafunk_cloud_chamber, layout_basic,
          mainiacjoe_overflow_concentric_impassable,
          nicolae_dithmenos_the_darkroom, uniq_robin, uniq_pikel, uniq_edmund
D:5:      layout_loops_ring
D:6:      layout_basic, nicolae_gozag_cash_rules_everything_around_me,
          minmay_temple_entry_slanted, minmay_misc_feat_tower
D:7:      nicolae_cairo_tiling_very_big, layout_loops_ring,
          nicolae_qazlal_style_of_elements, mainiacjoe_overflow_alcove_2
D:8:      layout_loops_cross, tso_oasis_becter, elyvilon_altar_4,
          nicolae_overflow_crystal_walls, minivault_10,
          kennysheep_generic_room_4
Temple:   minmay_temple_curvy_loop

Skill      XL: |  1  2  3  4  5  6  7  8  9 |
---------------+----------------------------+-----
Axes           | 3 4 5 6 7 9 |  9.7
Fighting       | 4 5 6 7 9 |  9.4
Armour         | 4 5 6 8 |  8.5
Shields        | 4 5 6 8 |  8.5

Action                   |  1- 3 |  4- 6 |  7- 9 | 10-12 || total
-------------------------+-------+-------+-------+-------++-------
Melee: War axe           |    90 |       |       |       ||    90
       Mace              |     3 |    91 |   239 |    61 ||   394
  Use: Scroll            |     4 |     2 |    13 |       ||    19
       Potion            |       |     2 |     1 |     2 ||     5
Armor: Scale mail        |    41 |    30 |   142 |    46 ||   259
Dodge: Dodged            |    42 |    36 |   121 |    27 ||   226
Block: Buckler           |    17 |    22 |    13 |       ||    52
       Kite shield       |       |       |    99 |    33 ||   132

Table legend: (Time is in decaauts)
 A = Elapsed time spent in this place.
 B = Non-inter-level travel time spent in this place.
 C = Inter-level travel time spent in this place.
 D = Time resting spent in this place.
 E = Time spent auto-exploring this place.
 F = Levels seen in this place.
 G = Mean time per level.
                   A        B        C        D        E       F      G
               +--------+--------+--------+--------+--------+-----+--------+
         Total |   6697 |   6469 |    228 |    711 |   4443 |   9 |  744.1 |
       Dungeon |   6474 |   6271 |    203 |    711 |   4252 |   8 |  809.2 |
        Temple |    222 |    198 |     24 |      0 |    191 |   1 |  222.0 |
               +--------+--------+--------+--------+--------+-----+--------+

Top non-repeatable levels by time:
     D:7: 1119 daAuts
     D:6: 914 daAuts
     D:3: 872 daAuts
     D:4: 854 daAuts
     D:5: 759 daAuts
     D:1: 756 daAuts
     D:2: 638 daAuts
     D:8: 559 daAuts
  Temple: 222 daAuts
